 Dungeon Crawl Stone Soup version 0.23-a0-143-g1adec7b (webtiles) character file.

237 Amnesiac the Firebug (level 5, -1/38 HPs)
             Began as a Mummy Wanderer on Sept 3, 2018.
             Slain by an orc wizard
             ... wielding a +0 dagger
              (3 damage)
             ... on level 5 of the Dungeon.
             The game lasted 00:05:05 (2565 turns).

Amnesiac the Firebug (Mummy Wanderer)               Turns: 2565, Time: 00:05:06

Health: -1/38      AC:  2    Str: 14    XL:     5   Next: 77%
Magic:  11/12      EV: 11    Int: 12    God:
Gold:   29         SH:  0    Dex: 13    Spells: 12/13 levels left

rFire    x . .     SeeInvis .   a - +2 mace
rCold    + . .     Gourm    .   (no shield)
rNeg     + + +     Faith    .   d - +0 robe
rPois    ∞         Spirit   .   (no helmet)
rElec    .         Reflect  .   (no cloak)
rCorr    .         Harm     .   (no gloves)
MR       .....                  (no boots)
Stlth    ++........             (no amulet)
HPRegen  0.12/turn              (no ring)
MPRegen  0.13/turn              (no ring)

@: no status effects
A: no food or potions, fire vulnerability, cold resistance 1, negative energy
resistance 3, torment resistance, unbreathing
a: no special abilities


You were on level 5 of the Dungeon.
You were not hungry.

You visited 1 branch of the dungeon, and saw 5 of its levels.

You collected 29 gold pieces.

Inventory:

Hand Weapons
 a - a +2 mace (weapon)
 e - a +0 glaive
Armour
 d - a +0 robe (worn)
Scrolls
 b - a scroll of magic mapping {!r, unknown}
 c - a scroll of remove curse {!r, unknown}


   Skills:
 - Level 2.0 Fighting
 - Level 1.0 Maces & Flails
 - Level 1.0 Throwing
 - Level 1.0 Stealth
 + Level 4.7 Spellcasting
 * Level 4.7 Fire Magic


You had 12 spell levels left.
You knew the following spells:

 Your Spells              Type           Power        Failure   Level  Hunger
a - Flame Tongue          Conj/Fire      #....        8%          1    N/A

Your spell library contained the following spells:

 Spells                   Type           Power        Failure   Level  Hunger
 Summon Small Mammal      Summ           #...         21%         1    N/A
 Inner Flame              Hex/Fire       #.......     24%         3    N/A
 Recall                   Summ/Tloc      N/A          52%         3    N/A

Dungeon Overview and Level Annotations

Branches:
Dungeon (5/15)
 Temple: D:4-7

Altars:

Shops:
D:4 }

Annotations:
D:4 1 runed door


Innate Abilities, Weirdness & Mutations

You do not eat or drink.
Your flesh is vulnerable to fire.
You are immune to poison.
Your flesh is cold resistant. (rC+)
You are immune to negative energy. (rN+++)
You are immune to unholy pain and torment.
You can survive without breathing.


Message History

Aiming: Flame Tongue (safe; 9% risk of failure)
Press: ? - help, Shift-Dir - straight line, f/p - worker ant
Aim: a worker ant (severely wounded)
The flame tongue misses the worker ant.
The worker ant misses you. The worker ant bites you.
Casting: Flame Tongue (safe; 9% risk of failure)
Confirm with . or Enter, or press ? or * to list all spells.
Aiming: Flame Tongue (safe; 9% risk of failure)
Press: ? - help, Shift-Dir - straight line, f/p - worker ant
Aim: a worker ant (severely wounded)
The flame tongue hits the worker ant.
The worker ant is almost dead.
The worker ant bites you but does no damage.
Casting: Flame Tongue (safe; 9% risk of failure)
Confirm with . or Enter, or press ? or * to list all spells.
Aiming: Flame Tongue (safe; 9% risk of failure)
Press: ? - help, Shift-Dir - straight line, f/p - worker ant
Aim: a worker ant (almost dead)
The flame tongue hits the worker ant.
You kill the worker ant!
You start resting.
HP restored.
You start resting.
Your magical contamination has completely faded away.
You start resting.
Magic restored.
Unknown command.
Unknown command.
Okay, then.
Found a stone staircase leading down.
An orc priest is nearby!
Okay, then.
An orc comes into view. It is wielding a hand axe.
The orc shouts!
Casting: Flame Tongue (safe; 8% risk of failure)
Confirm with . or Enter, or press ? or * to list all spells.
Aiming: Flame Tongue (safe; 8% risk of failure)
Press: ? - help, Shift-Dir - straight line, f - orc wizard
Aim: an orc wizard, wielding a dagger and wearing a robe The flame tongue misses the orc wizard.
The orc warrior shouts!
Casting: Flame Tongue (safe; 8% risk of failure)
Confirm with . or Enter, or press ? or * to list all spells.
Aiming: Flame Tongue (safe; 8% risk of failure)
Press: ? - help, Shift-Dir - straight line, f/p - orc wizard
Aim: an orc wizard, wielding a dagger and wearing a robe The flame tongue hits the orc wizard.
The orc wizard is lightly wounded.
The orc wizard closely misses you.
The orc priest invokes the aid of Beogh against you.
Beogh smites you! The orc warrior hits you with a flail.
The orc wizard hits you but does no damage.
The orc priest barely misses you.
The orc priest calls down the wrath of Beogh upon you.
Beogh smites you!
* * * LOW HITPOINT WARNING * * *
There is a stone staircase leading down here.
The orc wizard hits you but does no damage.
The orc warrior hits you with a flail!
* * * LOW HITPOINT WARNING * * *
You climb downwards.
There is a stone staircase leading up here.
The orc wizard hits you with a dagger.
You die...

#########
#.....@o#
#.#####<#
#o# ..#
#... ...#
.#### . .


You could see an orc warrior and an orc wizard.

Vanquished Creatures
  An ogre (D:4)
  A worker ant (D:4)
  3 gnolls (D:4)
  A howler monkey skeleton (D:4)
  4 adders
  A shadow imp (D:4)
  2 worms
  2 leopard geckos
  9 orcs (D:4)
  2 giant cockroaches (D:2)
  6 hobgoblins
  3 bats (D:2)
  2 frilled lizards
  A kobold (D:1)
  A rat (D:1)
39 creatures vanquished.

Notes
Turn   | Place    | Note
-------+----------+-------------------------------------------
     0 | D:1      | Amnesiac the Mummy Wanderer began the quest for the Orb.
     0 | D:1      | Amnesiac set off with: a +2 mace, a +0 robe
     0 | D:1      | Reached XP level 1. HP: 16/16 MP: 4/4
     2 | D:1      | Learned a level 1 spell: Flame Tongue
   224 | D:2      | Reached XP level 2. HP: 16/22 MP: 0/5
   637 | D:2      | Reached XP level 3. HP: 17/27 MP: 1/7
  1253 | D:4      | Reached XP level 4. HP: 13/33 MP: 5/9
  1935 | D:4      | Found a runed door.
  1967 | D:5      | Entered Level 5 of the Dungeon
  1971 | D:4      | Noticed an ogre
  1982 | D:4      | Killed an ogre
  1982 | D:4      | Reached XP level 5. HP: 11/38 MP: 3/11
  2385 | D:4      | Found Laodd's Gadget Shop.
  2442 | D:4      | Noticed an orc warrior
  2565 | D:5      | Slain by an orc wizard

Vault maps used:
D:1:      lightli_arrival_maybe_door_vault
D:2:      first_ration, serial_bayou_lagoon_a, elyvilon_altar_5
D:3:      regret_index_temple_of_mockery, serial_bayou_pond_d
D:4:      serial_shops, shop, guppyfry_early_orc_mine, uniq_crazy_yiuf_cottage
D:5:      slow_altar_1, nicolae_overflow_hidden_temple, serial_shops,
          nicolae_shop_temple_entry_statues_fountains, shop, shop, shop,
          hangedman_abyss_or_decor_slice, uniq_pikel

Skill      XL: |  1  2  3  4 |
---------------+-------------+-----
Spellcasting   | 3 4 |  4.7
Fire Magic     | 3 4 |  4.7
Fighting       | |  2.0
Maces & Flails | |  1.0
Throwing       | |  1.0
Stealth        | |  1.0

Action                   |  1- 3 |  4- 6 || total
-------------------------+-------+-------++-------
Melee: Mace              |    13 |     4 ||    17
 Cast: Flame Tongue      |    55 |    44 ||    99
Armor: Robe              |    13 |     1 ||    14
Dodge: Dodged            |    35 |    16 ||    51

Table legend:
 A = Non-vault XP
 B = Vault XP
 C = Vault XP percentage of total XP
 D = Non-vault monster count
 E = Vault monster count
 F = Vault count percentage of total count
                 A         B        C        D         E       F
            +---------+---------+-------+---------+---------+-------
      Total |     330 |       9 |   2.7 |      36 |       3 |   7.7
            +---------+---------+-------+---------+---------+-------
        D:1 |       3 |       0 |   0.0 |       3 |       0 |   0.0
        D:2 |      52 |       0 |   0.0 |      14 |       0 |   0.0
        D:4 |     275 |       9 |   3.2 |      19 |       3 |  13.6
            +---------+---------+-------+---------+---------+-------
